 Dungeon Crawl Stone Soup version 0.25-a0-583-g696c2ac64d (webtiles) character file.

Game seed: 1828964632430390045, levelgen mode: deterministic

1505 Lugonue the Covert (level 8, -7/31 HPs)
             Began as a Felid Venom Mage on Mar 6, 2020.
             Killed from afar by a gargoyle (13 damage)
             ... with a stone arrow
             ... on level 10 of the Dungeon on Mar 8, 2020.
             The game lasted 00:20:22 (6229 turns).

Lugonue the Covert (Felid Venom Mage)               Turns: 6229, Time: 00:20:23

Health: -7/31      AC:  2    Str:  4    XL:     8   Next: 52%
Magic:  2/20       EV: 19    Int: 20    God:
Gold:   437        SH:  0    Dex: 16    Spells: 4/22 levels left
                                        Lives:  0   Deaths: 2

rFire    . . .     SeeInvis +     - Unarmed
rCold    . . .     Gourm    .   (shield unavailable)
rNeg     . . .     Faith    .   (armour unavailable)
rPois    .         Spirit   .   (helmet unavailable)
rElec    .         Reflect  .   (cloak unavailable)
rCorr    .         Harm     .   (gloves unavailable)
MR       ++...                  (boots unavailable)
Stlth    +++++.....             h - amulet of magic regeneration
HPRegen  0.10/turn              f - ring of see invisible
MPRegen  0.42/turn              r - ring of protection from magic

@: very slightly contaminated, quick
A: very small, no armour, no weapons or thrown items, stealth, claws 1, fangs 3,
see invisible, carnivore, speed 1, shaggy fur 2, slow metabolism 1, sharp paws
a: no special abilities


You were on level 10 of the Dungeon.
You were completely stuffed.

You visited 1 branch of the dungeon, and saw 8 of its levels.

You collected 437 gold pieces.

Inventory:

Jewellery
 f - a ring of see invisible (left paw)
 h - an amulet of magic regeneration (around neck)
 r - a ring of protection from magic (right paw)
Wands
 a - a wand of random effects (20)
 k - a wand of digging (5)
 p - a wand of iceblast (7)
 s - a wand of polymorph (12)
Scrolls
 c - 8 scrolls of remove curse
 d - a scroll of magic mapping
 m - a scroll of fog {unknown}
Potions
 e - a potion of cancellation
 j - a potion of lignification {unknown}
 l - a potion of flight
 n - 3 potions of heal wounds
 o - 2 potions of curing
Comestibles
 b - 13 rations


   Skills:
 - Level 0.8 Fighting
 - Level 4.2 Dodging
 - Level 9.4 Stealth
 - Level 2.5 Unarmed Combat
 + Level 7.9 Spellcasting
 - Level 3.5 Transmutations
 - Level 2.0 Fire Magic
 - Level 3.4 Air Magic
 - Level 7.1 Poison Magic
 - Level 1.7 Evocations


You had 4 spell levels left.
You knew the following spells:

 Your Spells              Type           Power        Failure   Level  Hunger
a - Sting                 Tmut/Pois      ####         1%          1    None
b - Poisonous Vapours     Pois/Air       ####..       1%          2    None
c - Olgreb's Toxic Radia  Pois           #####...     4%          4    ###....
d - Ignite Poison         Fire/Tmut/Pois ####....     4%          3    None
e - Mephitic Cloud        Conj/Pois/Air  ###.....     6%          3    None
f - Alistair's Intoxicat  Tmut/Pois      ####....     26%         5    #####..

Your spell library contained the following spells:

 Spells                   Type           Power        Failure   Level  Hunger
 Animate Skeleton         Necr           N/A          9%          1    None
 Pain                     Necr           #...         9%          1    None
 Sublimation of Blood     Necr           #.........   13%         2    None
 Vampiric Draining        Necr           #.........   26%         3    None
 Petrify                  Tmut/Erth      ###.....     38%         4    ###....
 Animate Dead             Necr           N/A          65%         4    ###....
 Irradiate                Conj/Tmut      ###.......   75%         5    #####..
 Eringya's Noxious Bog    Tmut/Pois      ####......   82%         6    ######.
 Agony                    Necr           #.......     94%         5    #####..


Dungeon Overview and Level Annotations

Branches:
Dungeon (8/15)                Orc (0/2) D:10
 Temple: D:4-7         Lair: D:8-11

Altars:
Qazlal
Ru
Beogh


Innate Abilities, Weirdness & Mutations

You cannot wear armour.
You are incapable of wielding weapons or throwing items.
Your paws allow you to move quietly. (Stealth)
You have sharp claws.
You have razor-sharp teeth.
You have supernaturally acute eyesight. (SInv)
You are carnivorous and can eat meat at any time.
You cover ground quickly.
You are covered in thick fur. (AC +2)
You have a slow metabolism.
Your sharp claws are effective at attacking unaware monsters.


Message History

The stinking cloud engulfs the gargoyle but does no damage.
The gargoyle is moderately damaged.
You hear an angry hiss.
You hear a shout! x2; You hear an angry buzzing noise.
The gargoyle is engulfed in blazing flames.
Evoke which item? (* to show all) (? for menu, Esc to quit)
Aiming: Iceblast
Press: ? - help, Shift-Dir - straight line, f - gargoyle
Aim: a gargoyle, wielding a +0 mace (noxious fumes, severely damaged)
The mass of ice explodes!
The iceblast engulfs the gargoyle.
The gargoyle is severely damaged.
You hear an angry buzzing noise. x2
The gargoyle hurls a stone arrow at you.
The stone arrow hits you!!
Ouch! That really hurt!
* * * LOW HITPOINT WARNING * * *
The gargoyle hurls a stone arrow at you.
The stone arrow misses you.
The gargoyle hurls a stone arrow at you.
The stone arrow hits you!
You die...

#.....##)|)# #
##CD)# ..# #†##|}|#
..°.# ##.##.##
..°%○.### ##.###
....○○°.### ###.# #
....°○9...#####...#
###
............##...##
##..
........##@..#.##.#
#...
......<.####÷##.#.#
##... ......###
#..#.##. #....
...... ##)##.#.#
##.... ..#...
##..#.##. #....#
###
#<..##.#.##....#
#....#.###....>.
#....##.##......
###...#.#.......


You could see a gargoyle.

Vanquished Creatures
  Maurice (D:8)
  Psyche (D:10)
  2 hippogriffs
  Grinder (D:6)
  5 yaks (D:10)
  Edmund (D:6)
  5 orc warriors
  2 sky beasts
  An ogre (D:7)
  3 centaurs
  3 bullfrogs
  2 crimson imps
  A bullfrog zombie (D:7)
  6 orc priests
  3 hounds
  3 jellies
  5 orc wizards
  An iguana (D:7)
  2 worker ants
  A hound skeleton (D:6)
  9 adders
  4 gnolls (D:7)
  2 shadow imps
  An ooze (D:6)
  3 adder zombies
  A worm (D:3)
  A dart slug (D:3)
  3 leopard geckos
  37 orcs
  7 bats
  7 giant cockroaches
  5 goblins
  5 hobgoblins
  6 jackals
  3 quokkas
  5 frilled lizards
  11 kobolds
  A leopard gecko skeleton (D:4)
  7 rats
167 creatures vanquished.

Vanquished Creatures (collateral kills)
  A phantom (D:10)
  A howler monkey (D:10)
  A bullfrog skeleton (D:10)
3 creatures vanquished.

Grand Total: 170 creatures vanquished

Notes
Turn   | Place    | Note
-------+----------+-------------------------------------------
     0 | D:1      | Lugonue the Felid Venom Mage began the quest for the Orb.
     0 | D:1      | Reached XP level 1. HP: 7/7 MP: 4/4
   133 | D:1      | Reached skill level 3 in Stealth
   506 | D:1      | Reached XP level 2. HP: 11/11 MP: 6/6
  1276 | D:2      | Learned a level 2 spell: Poisonous Vapours
  1527 | D:2      | Reached XP level 3. HP: 14/14 MP: 4/7
  2598 | D:2      | Reached XP level 4. HP: 12/18 MP: 2/9
  2907 | D:3      | Learned a level 4 spell: Olgreb's Toxic Radiance
  2907 | D:3      | Found a stormy altar of Qazlal.
  3391 | D:4      | Reached skill level 4 in Stealth
  3391 | D:4      | Reached XP level 5. HP: 21/21 MP: 6/10
  3552 | D:4      | Learned a level 3 spell: Ignite Poison
  3604 | D:4      | You fall into a shaft and drop 3 floors!
  3652 | D:6      | Noticed an orc warrior
  3657 | D:6      | Killed an orc warrior
  3657 | D:6      | Reached skill level 1 in Air Magic
  3657 | D:6      | Gained mutation: You are covered in thick fur. (AC +2)
                  | [Felid growth]
  3657 | D:6      | Reached XP level 6. HP: 24/24 MP: 4/12
  3926 | D:6      | Reached skill level 1 in Evocations
  3957 | D:6      | Noticed Grinder
  3993 | D:6      | Paralysed by Grinder for 3 turns
  3997 | D:6      | Killed Grinder
  3997 | D:6      | Reached skill level 5 in Stealth
  3997 | D:6      | Reached skill level 1 in Unarmed Combat
  3997 | D:6      | Reached XP level 7. HP: 5/27 MP: 7/14
  4248 | D:6      | Reached skill level 5 in Poison Magic
  4478 | D:6      | Reached skill level 6 in Stealth
  4518 | D:6      | Noticed Edmund
  4523 | D:6      | Killed Edmund
  4523 | D:6      | Reached skill level 5 in Spellcasting
  4523 | D:6      | Reached XP level 8. HP: 31/31 MP: 5/16
  4782 | D:7      | Reached skill level 1 in Fire Magic
  5023 | D:7      | Learned a level 3 spell: Mephitic Cloud
  5066 | D:7      | Reached skill level 7 in Stealth
  5438 | D:8      | Found a sacrificial altar of Ru.
  5486 | D:8      | Noticed a hippogriff
  5492 | D:8      | Killed a hippogriff
  5585 | D:8      | Noticed Maurice
  5603 | D:8      | Killed Maurice
  5603 | D:8      | Reached skill level 8 in Stealth
  5603 | D:8      | Reached XP level 9. HP: 34/34 MP: 19/19
  5625 | D:8      | You fall into a shaft and drop 2 floors!
  5625 | D:10     | Entered Level 10 of the Dungeon
  5625 | D:10     | Found a staircase to the Orcish Mines.
  5625 | D:10     | Found a roughly hewn altar of Beogh.
  5715 | D:10     | Noticed Psyche
  5720 | D:10     | Killed Psyche
  5805 | D:10     | Slain by an orc warrior
  5806 | D:10     | Reached XP level 8. HP: -1/31 MP: 19/19
  5852 | D:10     | Upgraded the game from 0.25-a0-578-gc91f01c39c to
                  | 0.25-a0-583-g696c2ac64d
  5877 | D:10     | Learned a level 5 spell: Alistair's Intoxication
  5913 | D:10     | Reached skill level 9 in Stealth
  5913 | D:10     | Reached XP level 9. HP: 34/34 MP: 9/20
  6147 | D:10     | Noticed an ice dragon
  6151 | D:10     | Noticed a stone giant
  6178 | D:10     | Mangled by a stone giant
  6179 | D:10     | Reached XP level 8. HP: -9/31 MP: 6/20
  6214 | D:10     | Noticed a hippogriff
  6220 | D:10     | Killed a hippogriff
  6221 | D:10     | Noticed a gargoyle
  6229 | D:10     | Killed from afar by a gargoyle

Levels and vault maps discovered:
D:1:      eino_arrival_cavern_d, layout_loops_corners
D:2:      layout_basic, first_ration
D:3:      layout_basic, old_standard_altar
D:4:      layout_loops_ring, minmay_temple_entry_statues,
          gammafunk_ghost_abyssal_escape, uniq_robin
D:6:      layout_basic, kennysheep_generic_room_3, uniq_edmund, uniq_grinder
D:7:      layout_loops_ring, grunt_ogre_cave
D:8:      layout_cave_pools, david_lair_shrubbed, minivault_5,
          nicolae_ru_sacrificial_ziggurat, uniq_maurice
D:10:     minmay_the_grid_four_pointed_star
          [minmay_the_grid_triangle_9x9_pentomino_pain,
          minmay_the_grid_triangle_9x9_longest,
          minmay_the_grid_triangle_9x9_negative_grid,
          minmay_the_grid_triangle_9x9_tough_junction,
          minmay_the_grid_prize_diamond_cup], layout_cross, david_orc_5,
          gammafunk_ghost_nasty_kobolds, centaur_isle, uniq_psyche

Skill      XL: |  1  2  3  4  5  6  7  8  9 |
---------------+----------------------------+-----
Stealth        | 3 4 5 6 9 |  9.4
Poison Magic   | 3 4 5 6 7 |  7.1
Dodging        | 3 4 |  4.2
Spellcasting   | 3 4 5 7 |  7.9
Air Magic      | 1 2 3 |  3.4
Evocations     | 1 |  1.7
Unarmed Combat | 1 2 |  2.5
Transmutations | 2 3 |  3.5
Fire Magic     | 2 |  2.0
Fighting       | |  0.8

Action                   |  1- 3 |  4- 6 |  7- 9 || total
-------------------------+-------+-------+-------++-------
Melee: Unarmed           |    44 |    31 |    85 ||   160
       Bite              |     1 |     2 |    16 ||    19
 Cast: Sting             |    40 |    14 |    34 ||    88
       Poisonous Vapours |    13 |    41 |    58 ||   112
       Olgreb's Toxic Ra |       |     2 |    12 ||    14
       Ignite Poison     |       |     2 |    28 ||    30
       Mephitic Cloud    |       |       |     5 ||     5
Evoke: Wand              |       |     5 |     7 ||    12
  Use: Potion            |     3 |     1 |     1 ||     5
       Scroll            |       |     5 |     5 ||    10
 Stab: Sleeping          |     5 |     2 |     7 ||    14
       Paralysed         |       |       |     3 ||     3
       Invisible         |       |       |     3 ||     3
  Eat: Chunk             |     8 |     8 |    18 ||    34
Armor: Skin              |     3 |     7 |    10 ||    20
Dodge: Dodged            |    82 |    38 |    83 ||   203

Table legend:
 A = Non-vault XP
 B = Vault XP
 C = Vault XP percentage of total XP
 D = Non-vault monster count
 E = Vault monster count
 F = Vault count percentage of total count
                 A         B        C        D         E       F
            +---------+---------+-------+---------+---------+-------
      Total |    4199 |    1838 |  30.4 |     142 |      28 |  16.5
            +---------+---------+-------+---------+---------+-------
        D:1 |      22 |       0 |   0.0 |      15 |       0 |   0.0
        D:2 |      82 |       0 |   0.0 |      22 |       0 |   0.0
        D:3 |      87 |       0 |   0.0 |      27 |       0 |   0.0
        D:4 |      86 |       0 |   0.0 |       7 |       0 |   0.0
        D:6 |     847 |     429 |  33.6 |      23 |       2 |   8.0
        D:7 |     454 |     122 |  21.2 |      14 |       1 |   6.7
        D:8 |     636 |     469 |  42.4 |       9 |       1 |  10.0
       D:10 |    1985 |     818 |  29.2 |      25 |      24 |  49.0
            +---------+---------+-------+---------+---------+-------
